[Event "Titled Tuesday Blitz July 20 2021"]
[White "Gabrielian, Artur"]
[Black "Lagunow, Raphael"]
[WhiteFideId "4131002"]
[BlackFideId "24652644"]
[WhiteElo "2523"]
[BlackElo "2400"]
[Result "1/2-1/2"]
[Round "08"]
[TimeControl "180+1"]
[Date "2021.07.21"]
[WhiteClock "0:00:18"]
[BlackClock "0:00:04"]

1. d4 d5 2. c4 e6 3. Nf3 Nf6 4. g3 dxc4 5. Qa4+ Nbd7 6. Qxc4 a6 7. Bg2 b5 8. Qd3 Bb7 9. O-O c5 10. a4 Qb6 11. axb5 axb5 12. Rxa8+ Bxa8 13. dxc5 Nxc5 14. Qa3 Na4 15. Qa1 Bb7 16. b3 Nc5 17. Be3 Nd5 18. b4 Nxb4 19. Nbd2 Nd5 20. Bd4 Qa6 21. Bxg7 Qxa1 22. Bxa1 Rg8 23. Rb1 b4 24. Nd4 Bg7 25. e4 Nc3 26. Rxb4 Bxd4 27. Rxd4 Ne2+ 28. Kf1 Nxd4 29. Bxd4 Nd7 30. Ke2 f6 31. Bc3 Ke7 32. Bb4+ Kf7 33. Ke3 Ne5 34. f4 Ng4+ 35. Ke2 Nxh2 36. Kf2 Ng4+ 37. Ke2 Nh6 38. Kf2 Ng4+ 39. Ke2 f5 40. Bf3 Nf6 41. exf5 Bxf3+ 42. Nxf3 exf5 43. Ng5+ Kg6 44. Nf3 Re8+ 45. Ne5+ Kh5 46. Kf3 Ng4 47. Bd6 Nxe5+ 48. fxe5 Kg5 49. Bc7 h5 50. Bd6 Re6 51. Bc7 Re8 52. Bd6 Rc8 53. Be7+ Kg6 54. Bd6 Rc3+ 55. Kf4 Rc4+ 56. Kf3 Kf7 57. Bb8 Ke6 58. Bd6 Re4 59. Bb8 Kd5 60. Kg2 Rg4 61. Kh3 Ke6 62. Bd6 Kd5 63. Bc7 Re4 64. Bd6 Kc4 65. Bc7 Kd3 66. Kg2 Ke2 67. Bd6 h4 68. gxh4 f4 69. Bc5 f3+ 70. Kg3 Rxe5 71. Bb6 Re6 72. Bc5 Rg6+ 73. Kf4 f2 74. Bxf2 Kxf2 75. h5 Rg1 76. h6 Ke2 77. Kf5 Rh1 78. Kg6 Rg1+ 79. Kf6 Rh1 80. Kg6 Rg1+ 81. Kf6 Kf3 82. h7 Rh1 83. Kg7 Rxh7+ 84. Kxh7 1/2-1/2


[Site "https://www.chess.com"]

[Event "Titled Tuesday Blitz July 20 2021"]
[White "Garcia, Gabriel Gonzaga"]
[Black "Tristan, Leonardo"]
[WhiteFideId "2138956"]
[BlackFideId "113816"]
[WhiteElo "2240"]
[BlackElo "2404"]
[Result "0-1"]
[Round "08"]
[TimeControl "180+1"]
[Date "2021.07.21"]
[WhiteClock "0:01:01"]
[BlackClock "0:01:47"]

1. e4 c5 2. Nf3 Nc6 3. d4 cxd4 4. Nxd4 Nf6 5. Nc3 e6 6. Be2 Be7 7. O-O O-O 8. Ndb5 d5 9. exd5 exd5 10. Bg5 a6 11. Nd4 h6 12. Bh4 Qb6 13. Nb3 Be6 14. Bxf6 Bxf6 15. Nxd5 Bxd5 16. Qxd5 Bxb2 17. Rab1 Ba3 18. Bc4 Rad8 19. Qf3 Ne5 20. Qe2 Qc7 21. Bd3 Rfe8 22. Qd2 b5 23. Rfd1 Ng4 24. g3 Ne5 25. Qf4 Bd6 26. Qf5 g6 27. Qf6 Re6 28. Qh4 Nf3+ 0-1


[Site "https://www.chess.com"]

[Event "Titled Tuesday Blitz July 20 2021"]
[White "Gelman, Alexander"]
[Black "Siva Mahadevan"]
[WhiteFideId "4118316"]
[BlackFideId "25043153"]
[WhiteElo "2375"]
[BlackElo "2203"]
[Result "0-1"]
[Round "08"]
[TimeControl "180+1"]
[Date "2021.07.20"]
[WhiteClock "0:00:08"]
[BlackClock "0:00:55"]

1. d4 Nf6 2. Nc3 d5 3. Bf4 g6 4. e3 Bg7 5. h4 O-O 6. h5 c5 7. hxg6 hxg6 8. Qd2 Nc6 9. f3 cxd4 10. exd4 Nh5 11. Bh6 Bxh6 12. Qxh6 Qd6 13. Nge2 Qf6 14. O-O-O Rd8 15. Rh2 Qg7 16. Qe3 e5 17. g4 exd4 18. Nxd4 Nf6 19. Bb5 Bxg4 20. Bxc6 bxc6 21. Nxc6 Re8 22. Ne7+ Kf8 23. fxg4 Rxe7 24. Qc5 Re8 25. Re2 Nd7 26. Qb4 Nb6 27. Rxd5 Nxd5 28. Nxd5 Qh6+ 29. Kd1 Qh1+ 30. Kd2 Qxd5+ 31. Kc1 Kg8 32. Rxe7 Qg5+ 0-1


[Site "https://www.chess.com"]

[Event "Titled Tuesday Blitz July 20 2021"]
[White "Golubev, Mikhail"]
[Black "Borsuk, Konstantin"]
[WhiteFideId "14100983"]
[BlackFideId "14113406"]
[WhiteElo "2374"]
[BlackElo "2363"]
[Result "1-0"]
[Round "08"]
[TimeControl "180+1"]
[Date "2021.07.21"]
[WhiteClock "0:00:09"]
[BlackClock "0:00:05"]

1. e4 e6 2. Nc3 d5 3. d4 Bb4 4. e5 b6 5. a3 Bf8 6. Bb5+ c6 7. Ba4 Ne7 8. Nf3 Nf5 9. Ne2 h5 10. O-O Be7 11. Re1 g5 12. c3 Rg8 13. Bc2 Qc7 14. Bxf5 exf5 15. Ng3 g4 16. Nd2 Rh8 17. Ndf1 Be6 18. Qc2 Qc8 19. Ne2 Nd7 20. Nf4 Nf8 21. Ng3 Ng6 22. Nge2 Qd7 23. a4 h4 24. b3 Rc8 25. c4 Kf8 26. cxd5 cxd5 27. Qd3 Kg7 28. Be3 Rb8 29. Rec1 b5 30. a5 a6 31. Rc2 Rbc8 32. Rac1 Rxc2 33. Rxc2 Bd8 34. Qd2 Be7 35. Qc1 Bd8 36. Rc6 Nf8 37. Rxa6 h3 38. Ng3 hxg2 39. Kxg2 Qe7 40. Nfh5+ Rxh5 41. Nxh5+ Kh8 42. Nf6 1-0


[Site "https://www.chess.com"]

[Event "Titled Tuesday Blitz July 20 2021"]
[White "Gontcharov, Vladislav"]
[Black "Golubenko, Valentina"]
[WhiteFideId "4123492"]
[BlackFideId "4501993"]
[WhiteElo "2503"]
[BlackElo "2164"]
[Result "1-0"]
[Round "08"]
[TimeControl "180+1"]
[Date "2021.07.21"]
[WhiteClock "0:00:26"]
[BlackClock "0:00:02"]

1. e4 e6 2. d4 d5 3. Nd2 c5 4. exd5 exd5 5. Ngf3 Nf6 6. Bb5+ Nc6 7. O-O Be7 8. dxc5 O-O 9. Nb3 Ne4 10. Be3 Bg4 11. Be2 Rc8 12. c3 a5 13. a4 Qd7 14. Nfd2 Bxe2 15. Qxe2 Rfe8 16. Rfd1 Qf5 17. Qb5 Bg5 18. Nxe4 Bxe3 19. Nd6 Qxf2+ 20. Kh1 Qh4 21. g3 Qg4 22. Qf1 Re5 23. Nxc8 Rf5 24. Qg2 Rf2 25. Qxd5 Qxc8 26. Rf1 h6 27. Rxf2 Bxf2 28. Rf1 Be3 29. Qxf7+ Kh7 30. Qf5+ Qxf5 31. Rxf5 Bg5 32. Rf7 Nd8 33. Rd7 Bf6 34. Nxa5 Kg6 35. Nxb7 Nc6 36. a5 Ne5 37. Rd6 Kf5 38. a6 Be7 39. a7 Bxd6 40. Nxd6+ Kg4 41. a8=Q Nf3 42. Qe4+ Kh3 43. Qxf3 1-0


[Site "https://www.chess.com"]

[Event "Titled Tuesday Blitz July 20 2021"]
[White "Gracia Alvarez, Gerardo Antonio"]
[Black "Gusarov, Grigory"]
[WhiteFideId "5109124"]
[BlackFideId "24102172"]
[WhiteElo "2148"]
[BlackElo "2269"]
[Result "0-1"]
[Round "08"]
[TimeControl "180+1"]
[Date "2021.07.21"]
[WhiteClock "0:00:05"]
[BlackClock "0:01:13"]

1. e4 c6 2. c4 c5 3. Nf3 Nc6 4. d4 cxd4 5. Nxd4 g6 6. Nc3 Bg7 7. Be3 d6 8. Be2 Nf6 9. O-O Nxd4 10. Bxd4 O-O 11. Qc2 Be6 12. Rad1 Qa5 13. f4 Rac8 14. b3 b5 15. f5 Bd7 16. Bxf6 Bxf6 17. Nd5 bxc4 18. Nxf6+ exf6 19. Bxc4 Bb5 20. Qd2 Qxd2 21. Rxd2 Bxc4 22. bxc4 Rxc4 23. Rxd6 Kg7 24. Rd7 Ra4 25. Rf2 Re8 26. Re2 gxf5 27. Rb2 fxe4 28. Kf2 f5 29. Ke3 Kg6 30. Rd6+ f6 31. Rd7 Rc8 32. Rbb7 Rc3+ 33. Kf4 e3+ 34. Kf3 e2+ 35. Kxe2 Rxa2+ 36. Kd1 f4 37. Rg7+ Kf5 38. Rb5+ Ke6 39. Rxh7 Rxg2 40. Rxa7 f3 41. Ra6+ Kf7 0-1


[Site "https://www.chess.com"]

[Event "Titled Tuesday Blitz July 20 2021"]
[White "GrafLermontov"]
[Black "Jary, Sergey"]
[BlackFideId "14110350"]
[WhiteElo "2554"]
[BlackElo "2260"]
[Result "1-0"]
[Round "08"]
[TimeControl "180+1"]
[Date "2021.07.21"]
[WhiteClock "0:00:33"]
[BlackClock "0:00:01"]

1. d4 Nf6 2. c4 g6 3. Nc3 d5 4. cxd5 Nxd5 5. e4 Nb6 6. Nf3 Bg7 7. Be3 O-O 8. Be2 Bg4 9. Qd2 Nc6 10. d5 Bxf3 11. gxf3 Ne5 12. b3 c6 13. f4 Ned7 14. dxc6 bxc6 15. Rd1 Nf6 16. Bf3 Qxd2+ 17. Kxd2 e5 18. Kc2 exf4 19. Bxf4 Rfe8 20. Rhe1 Nfd7 21. Bg2 h5 22. a4 Nc5 23. a5 Nbd7 24. b4 Ne6 25. Bg3 Ne5 26. f4 Ng4 27. h3 Nf6 28. e5 Nd5 29. Bxd5 cxd5 30. Nxd5 Rac8+ 31. Kb3 Rb8 32. Bf2 a6 33. Be3 Kh8 34. Nb6 Bf8 35. Rd7 Kg8 36. Rg1 Ng7 37. Bc5 Nf5 38. Bxf8 Rxf8 39. Rc1 Rfd8 40. Rcc7 Rxd7 41. Nxd7 Rd8 42. Nf6+ Kg7 43. Rd7 Nh4 44. Rxd8 1-0


[Site "https://www.chess.com"]

[Event "Titled Tuesday Blitz July 20 2021"]
[White "Guimaraes, Wagner Peixoto"]
[Black "Odinaev, Timur"]
[WhiteFideId "2100940"]
[BlackFideId "4163770"]
[WhiteElo "2245"]
[BlackElo "2306"]
[Result "1-0"]
[Round "08"]
[TimeControl "180+1"]
[Date "2021.07.21"]
[WhiteClock "0:00:03"]
[BlackClock "0:00:11"]

1. e4 g6 2. d4 Bg7 3. Nc3 d6 4. h3 a6 5. a4 Nf6 6. Be2 Nc6 7. Nf3 O-O 8. Be3 h6 9. Qd2 Kh7 10. Rd1 e6 11. Qc1 b6 12. e5 Nd5 13. Nxd5 exd5 14. h4 dxe5 15. dxe5 Nxe5 16. Nxe5 Bxe5 17. Bxh6 Re8 18. h5 g5 19. Bxg5 Bf6 20. Bf4 Qe7 21. Qd2 Bxb2 22. Kf1 Bf5 23. Bd3 Bxd3+ 24. Qxd3+ Kh8 25. c3 Rad8 26. Be3 c5 27. Qd2 d4 28. Bg5 f6 29. Qxb2 dxc3 30. Qc2 Rxd1+ 31. Qxd1 fxg5 32. Rh3 Qe5 33. Re3 Qb8 34. Rxc3 Qd8 35. Rd3 Qe7 36. Qa1+ Qe5 37. Qd1 b5 38. axb5 axb5 39. g3 Qe4 40. f3 Qc4 41. Qa1+ Kh7 42. Qa7+ Kh6 43. Qd7 Qc1+ 44. Rd1 Qc4+ 45. Kg1 Qe2 46. Rd6+ Re6 47. Rxe6+ Qxe6 48. Qxe6+ Kxh5 49. Qb3 Kg6 50. Qxb5 Kh5 51. Qxc5 1-0


[Site "https://www.chess.com"]

[Event "Titled Tuesday Blitz July 20 2021"]
[White "Howell, David W L"]
[Black "Le, Tuan Minh"]
[WhiteFideId "410608"]
[BlackFideId "12401153"]
[WhiteElo "2643"]
[BlackElo "2450"]
[Result "1/2-1/2"]
[Round "08"]
[TimeControl "180+1"]
[Date "2021.07.20"]
[WhiteClock "0:00:02"]
[BlackClock "0:00:08"]

1. e4 c5 2. Nc3 Nc6 3. f4 g6 4. Nf3 Bg7 5. a3 e6 6. b4 d6 7. bxc5 dxc5 8. e5 f6 9. Bb5 Ne7 10. exf6 Bxf6 11. Rb1 O-O 12. Ne4 Bg7 13. O-O b6 14. d3 Nd4 15. Bc4 Nd5 16. c3 Nf5 17. Qe1 Kh8 18. Bd2 h6 19. Ne5 Kh7 20. g4 Nfe7 21. Qh4 Kg8 22. Rbe1 Bd7 23. Qg3 Be8 24. Rf2 Kh7 25. Qh3 Kg8 26. Ref1 b5 27. Bb3 Qb6 28. c4 bxc4 29. dxc4 Nf6 30. Bc2 Nxe4 31. Bxe4 Rd8 32. Be3 Qc7 33. Qg3 Rb8 34. h4 Rb3 35. Rf3 h5 36. gxh5 gxh5 37. Bd2 Rxf3 38. Rxf3 Nf5 39. Bxf5 Rxf5 40. Rf2 Kh7 41. Bc3 Bxe5 42. Bxe5 Qf7 43. Rg2 Qg6 44. Qf2 Qf7 45. Rg7+ Qxg7+ 46. Bxg7 Kxg7 47. Qg3+ Bg6 48. Qe3 Kf7 49. Kg2 a6 50. Kg3 Ke7 51. Qb3 Be8 52. Qb7+ Kd6 53. Qxa6+ Bc6 54. Qb6 Rf8 55. Qb2 Rg8+ 56. Kh3 Rg4 57. Qe5+ Kd7 58. Qf6 Bg2+ 59. Kh2 Bc6 60. Qf7+ Kd6 61. Qf8+ Kd7 62. Kh3 Bg2+ 63. Kh2 Bc6 64. f5 Rxh4+ 65. Kg3 Rg4+ 66. Kh3 exf5 67. Qxf5+ Kd6 68. Qxh5 Rxc4 69. Qh6+ Kc7 70. Qg7+ Kb6 71. Qb2+ Bb5 72. Kg3 Rd4 73. Kf3 Kc6 74. Ke3 Rd3+ 75. Ke4 Rd4+ 76. Ke5 Rd5+ 77. Ke6 Rd4 78. Ke7 Kb6 79. Qf2 Re4+ 80. Kd6 Rd4+ 81. Ke5 Bc6 82. Qb2+ Bb5 83. Qc3 Rc4 84. Qb2 Rd4 85. Qxd4 cxd4 86. Kxd4 Ka5 87. a4 Kxa4 1/2-1/2


[Site "https://www.chess.com"]

[Event "Titled Tuesday Blitz July 20 2021"]
[White "Ibrahimli, Murad"]
[Black "Tin, Jingyao"]
[WhiteFideId "13410229"]
[BlackFideId "5804418"]
[WhiteElo "2109"]
[BlackElo "2374"]
[Result "0-1"]
[Round "08"]
[TimeControl "180+1"]
[Date "2021.07.20"]
[WhiteClock "0:00:09"]
[BlackClock "0:00:11"]

1. d4 Nf6 2. c4 e6 3. Nc3 Bb4 4. e3 O-O 5. Nf3 d5 6. Bd2 b6 7. Rc1 Bb7 8. cxd5 exd5 9. Nb5 Bxd2+ 10. Nxd2 c6 11. Nc3 c5 12. Nf3 Nc6 13. Bb5 c4 14. Bxc6 Bxc6 15. Ne5 Qd6 16. O-O b5 17. Ne2 Nd7 18. Nxd7 Bxd7 19. Nf4 Bf5 20. Qf3 Be4 21. Qg3 Rfe8 22. h4 h6 23. f3 Bh7 24. Rfe1 b4 25. Nh5 Qxg3 26. Nxg3 Bd3 27. e4 dxe4 28. fxe4 a5 29. Kf2 a4 30. Ke3 f5 31. e5 g5 32. hxg5 hxg5 33. Nh5 Kf7 34. Nf6 Red8 35. d5 Kg6 36. Kd4 a3 37. b3 cxb3 38. Kxd3 b2 39. Rb1 b3 40. axb3 a2 41. Rxb2 a1=Q 42. Rxa1 Rxa1 43. b4 Re1 44. Kd4 Rd1+ 45. Kc5 Re1 46. Kd4 Rd1+ 47. Ke3 Re1+ 48. Re2 Rb1 49. Rc2 Rb3+ 50. Kf2 Rxb4 51. Rc6 Rb2+ 52. Ke3 Rxg2 53. d6 Kf7 54. Rc7+ Kg6 55. Nd5 Rg1 56. Ne7+ Kf7 57. Nxf5+ Ke6 58. Ke4 Rg4+ 59. Kf3 Rf4+ 60. Ke3 Kxf5 61. Re7 Re4+ 62. Kf3 Rxe5 63. Rf7+ Ke6 64. Rg7 Rxd6 65. Rg6+ Kd5 66. Rg8 Rf6+ 67. Kg4 Rf4+ 68. Kg3 Re3+ 69. Kg2 Re5 70. Rc8 Ke4 71. Rd8 Kf5 72. Rd2 Kg4 73. Rc2 Re3 74. Rd2 Rg3+ 75. Kh2 Rgf3 76. Rg2+ Kh4 77. Kg1 Rf1+ 78. Kh2 R4f2 0-1


[Site "https://www.chess.com"]

[Event "Titled Tuesday Blitz July 20 2021"]
[White "Iskusnyh, Sergei"]
[Black "Chigaev, Maksim"]
[WhiteFideId "4120027"]
[BlackFideId "4108116"]
[WhiteElo "2492"]
[BlackElo "2646"]
[Result "1-0"]
[Round "08"]
[TimeControl "180+1"]
[Date "2021.07.20"]
[WhiteClock "0:00:06"]
[BlackClock "0:00:02"]

1. d4 Nf6 2. c4 g6 3. g3 Bg7 4. Bg2 c5 5. dxc5 Qa5+ 6. Nc3 Qxc5 7. Bd2 Nc6 8. Rc1 O-O 9. Nf3 Qh5 10. O-O d6 11. Re1 Bh3 12. Bh1 Rac8 13. Qa4 a6 14. Bg5 Rfe8 15. Nd5 Nxd5 16. cxd5 Nd4 17. Nxd4 Qxg5 18. e3 b5 19. Qb4 a5 20. Qd2 b4 21. Nc6 h5 22. Rc4 Kh7 23. Rec1 Qf6 24. R1c2 Ra8 25. Be4 Bc8 26. Qd1 Kg8 27. Nd4 Bg4 28. Bf3 Bh3 29. Rc7 h4 30. Bg2 Bxg2 31. Kxg2 a4 32. Qf3 Qxf3+ 33. Kxf3 hxg3 34. hxg3 Bxd4 35. exd4 Ra5 36. Ke4 f5+ 37. Kf4 Rxd5 38. R2c4 Kf7 39. Rxb4 Kf6 40. Rxa4 g5+ 41. Kf3 g4+ 42. Kg2 Rh8 43. b3 Rb5 44. Rac4 Ra5 45. a4 Rd5 46. b4 e5 47. dxe5+ Rxe5 48. Rd4 Re1 49. Rxd6+ Kg5 50. Rg7+ Kh5 51. b5 Rc8 52. Rc6 Rd8 53. Rh7+ Kg5 54. Rg7+ Kh5 55. Rgg6 Rh8 56. b6 1-0


[Site "https://www.chess.com"]

[Event "Titled Tuesday Blitz July 20 2021"]
[White "Ivanov, Mike"]
[Black "Peralta, Eduardo"]
[WhiteFideId "2613158"]
[BlackFideId "3700062"]
[WhiteElo "2197"]
[BlackElo "2205"]
[Result "0-1"]
[Round "08"]
[TimeControl "180+1"]
[Date "2021.07.21"]
[WhiteClock "0:00:46"]
[BlackClock "0:01:48"]

1. e4 c5 2. Nf3 Nc6 3. Bb5 Nf6 4. e5 Nd5 5. Nc3 Nxc3 6. dxc3 g6 7. Qd5 Qb6 8. Bc4 e6 9. Qe4 Bg7 10. h4 Nxe5 11. Nxe5 d5 12. Qe2 dxc4 13. Nxc4 Qc6 14. Bf4 O-O 15. O-O-O e5 16. Nxe5 Qe6 17. Qc4 Bxe5 18. Qxe6 Bxf4+ 19. Qe3 Bxe3+ 20. fxe3 Be6 21. h5 Rfd8 0-1


[Site "https://www.chess.com"]

[Event "Titled Tuesday Blitz July 20 2021"]
[White "Jarovinsky, Alexey"]
[Black "Vukovic, Zdravko"]
[WhiteFideId "14115131"]
[BlackFideId "900877"]
[WhiteElo "2446"]
[BlackElo "2595"]
[Result "1-0"]
[Round "08"]
[TimeControl "180+1"]
[Date "2021.07.20"]
[WhiteClock "0:00:11"]
[BlackClock "0:00:31"]

1. Nc3 d5 2. e4 dxe4 3. Nxe4 Nf6 4. d3 Nxe4 5. dxe4 Qxd1+ 6. Kxd1 Nc6 7. Be3 g6 8. c3 Bg7 9. Nf3 Bg4 10. Kc2 O-O-O 11. Ng5 Rdf8 12. h3 Bd7 13. Bc4 Ne5 14. Bb3 h6 15. Nf3 Nxf3 16. gxf3 f5 17. Rag1 g5 18. h4 fxe4 19. hxg5 hxg5 20. Rxh8 Bxh8 21. fxe4 g4 22. Bc4 Bf6 23. Rh1 a6 24. Be2 Rh8 25. Rxh8+ Bxh8 26. Bd4 e5 27. Be3 Bf6 28. Bc4 Kd8 29. b3 Ke7 30. a4 Be6 31. Bxe6 Kxe6 32. Kd3 b5 33. axb5 axb5 34. c4 c6 35. cxb5 cxb5 36. Bc5 Kd7 37. Ke2 Kc6 38. Be3 Kd6 39. Kf1 Bh4 40. Kg2 Ke6 41. Bc5 Kf6 42. Kf1 Ke6 43. Ke2 Kd7 44. Be3 Kc6 45. f3 gxf3+ 46. Kxf3 Be1 47. Kg4 Bc3 48. Kf5 Bd4 49. Bd2 Kc5 50. Ba5 Ba1 51. Be1 Kd4 52. Bg3 Kc5 53. Bxe5 Bd4 54. Bxd4+ Kxd4 55. e5 Kd5 56. e6 Kd6 57. Kf6 1-0


[Site "https://www.chess.com"]

[Event "Titled Tuesday Blitz July 20 2021"]
[White "Kamsky, Gata"]
[Black "Timmermans, Mark"]
[WhiteFideId "2000024"]
[BlackFideId "1026399"]
[WhiteElo "2644"]
[BlackElo "2460"]
[Result "0-1"]
[Round "08"]
[TimeControl "180+1"]
[Date "2021.07.20"]
[WhiteClock "0:00:07"]
[BlackClock "0:00:29"]

1. e4 e5 2. Nf3 Nc6 3. Bb5 f5 4. Nc3 fxe4 5. Nxe4 d5 6. Nxe5 dxe4 7. Nxc6 Qg5 8. Qe2 Nf6 9. f4 Qxf4 10. d4 Qh4+ 11. g3 Qh3 12. Ne5+ c6 13. Bc4 Be6 14. Bg5 O-O-O 15. O-O-O Bd6 16. Bxe6+ Qxe6 17. Nc4 Bc7 18. Kb1 Rhe8 19. Rhf1 Rd7 20. Bxf6 gxf6 21. Ne3 Rg7 22. Qh5 Rh8 23. Rf5 Bd8 24. Rdf1 Rg5 25. Rxg5 fxg5 26. Qf7 Qxf7 27. Rxf7 h5 28. c3 h4 29. Nf5 Bc7 30. gxh4 gxh4 31. h3 Kb8 32. Re7 Rf8 33. Nxh4 Bd8 34. Rxe4 Rh8 35. Ng6 Rxh3 36. Re8 Kc7 37. Nf4 Rh2 38. Rf8 Kd7 39. Rf7+ Kc8 40. Ne6 Bb6 41. a4 a5 42. Rg7 Re2 43. Nf4 Re3 44. Kc2 Bc7 45. Nd3 Bd6 46. Rg8+ Kc7 47. Ra8 b6 48. Ra7+ Kc8 49. Rf7 Re2+ 50. Kb3 Rd2 51. Nf2 Bc7 52. Rf3 Re2 53. Nd3 Bd6 54. Kc4 Rd2 0-1


[Site "https://www.chess.com"]

[Event "Titled Tuesday Blitz July 20 2021"]
[White "Karthikeyan, Murali"]
[Black "Garcia Ramos, Daniel"]
[WhiteFideId "5074452"]
[BlackFideId "32010311"]
[WhiteElo "2564"]
[BlackElo "2321"]
[Result "1/2-1/2"]
[Round "08"]
[TimeControl "180+1"]
[Date "2021.07.20"]
[WhiteClock "0:00:05"]
[BlackClock "0:00:04"]

1. Nf3 Nf6 2. b3 g6 3. Bb2 Bg7 4. g3 O-O 5. Bg2 c5 6. O-O Nc6 7. c4 d6 8. d4 Ne4 9. Nc3 Bf5 10. e3 cxd4 11. Nxd4 Nxd4 12. Bxe4 Bxe4 13. Nxe4 Nf3+ 14. Qxf3 Bxb2 15. Rab1 Bg7 16. h4 h5 17. Rfd1 Qc8 18. Rbc1 a6 19. c5 dxc5 20. Nxc5 Rd8 21. Nxb7 Rxd1+ 22. Rxd1 Qc2 23. Nd8 Bf6 24. Qd5 e6 25. Nxe6 Re8 26. Nf4 Rd8 27. Qxd8+ Bxd8 28. Rxd8+ Kg7 29. a4 Qxb3 30. Rd4 a5 31. Kg2 Qb7+ 32. Nd5 Qc6 33. Kf3 f6 34. Kg2 Kf7 35. Kg1 Qc1+ 36. Kh2 Qc2 37. Kg2 Qc6 38. Kf3 g5 39. hxg5 fxg5 40. Kg2 Kg6 41. Kg1 Qc1+ 42. Kh2 Qc2 43. Kg2 Qc6 44. Kf1 Qc1+ 45. Kg2 Qc6 1/2-1/2


[Site "https://www.chess.com"]

[Event "Titled Tuesday Blitz July 20 2021"]
[White "Khalafova, Narmin"]
[Black "Vasli, Aref"]
[WhiteFideId "13402625"]
[BlackFideId "417521"]
[WhiteElo "2109"]
[BlackElo "2257"]
[Result "1-0"]
[Round "08"]
[TimeControl "180+1"]
[Date "2021.07.21"]
[WhiteClock "0:00:16"]
[BlackClock "0:01:33"]

1. e4 g6 2. d4 Bg7 3. Nc3 d6 4. h4 h5 5. Be3 a6 6. Qd2 Nc6 7. O-O-O e5 8. d5 Nd4 9. Bxd4 exd4 10. Nce2 Bh6 11. f4 Bg7 12. Nxd4 Bg4 13. Ngf3 Qe7 14. Re1 O-O-O 15. Nc6 Qf6 16. e5 dxe5 17. fxe5 Qxc6 18. dxc6 Rxd2 19. Kxd2 Ne7 20. cxb7+ Kxb7 21. Bc4 Rd8+ 22. Kc1 Bxf3 23. gxf3 Bh6+ 24. Kb1 Rf8 25. Rd1 Nf5 26. Rd7 Ng3 27. Rg1 Bf4 28. Rxf7 Rxf7 29. Bxf7 Bxe5 30. Bxg6 c6 31. c3 Bf4 32. Kc2 Kb6 33. Kd3 a5 34. Re1 Bc7 35. Re8 Bf4 36. Rh8 Bc1 37. Kc2 Bf4 38. Bxh5 Be5 39. Rh7 Kc5 40. Bg6 a4 41. h5 Bf4 42. Bd3 a3 43. b4+ Kb6 44. h6 1-0


[Site "https://www.chess.com"]

[Event "Titled Tuesday Blitz July 20 2021"]
[White "Khusnutdinov, Rustam"]
[Black "Asadli, Vugar"]
[WhiteFideId "13701703"]
[BlackFideId "13405764"]
[WhiteElo "2571"]
[BlackElo "2386"]
[Result "0-1"]
[Round "08"]
[TimeControl "180+1"]
[Date "2021.07.20"]
[WhiteClock "0:00:17"]
[BlackClock "0:00:22"]

1. d4 d5 2. c4 c6 3. Nc3 Nf6 4. e3 a6 5. Nf3 Bf5 6. Qb3 b5 7. cxd5 cxd5 8. a4 b4 9. Qxb4 Nc6 10. Qc5 Bd7 11. Nxd5 e5 12. Nxf6+ gxf6 13. Qc4 Nb4 14. Bd3 Be6 15. Qc3 Rc8 16. Qd2 Qd5 17. e4 Qb3 18. Bb1 Rc2 19. Ra3 Nd3+ 20. Kf1 Rxc1+ 21. Qxc1 Nxc1 22. Rxb3 Nxb3 23. dxe5 fxe5 24. Nxe5 Bg7 25. Nd3 Bc4 26. Ke1 Ke7 27. h4 Rd8 28. Rh3 Bxd3 29. Rxd3 Rxd3 30. Bxd3 Nc5 31. Bc2 Bxb2 32. Ke2 h6 33. Kf3 Bd4 34. Kg3 f6 35. f3 a5 36. Kg4 Kf7 37. Kf5 Nb7 38. Bb3+ Kg7 39. Bd5 Nc5 40. Bc6 Nd3 41. Bb5 Ne1 42. Bf1 Nc2 43. Be2 Ne3+ 44. Ke6 Nxg2 45. Kf5 Be5 46. h5 Nf4 47. Bd1 Nxh5 0-1


[Site "https://www.chess.com"]

[Event "Titled Tuesday Blitz July 20 2021"]
[White "Kobalia, Mikhail"]
[Black "Narayanan.S.L"]
[WhiteFideId "4119150"]
[BlackFideId "5058422"]
[WhiteElo "2569"]
[BlackElo "2617"]
[Result "1-0"]
[Round "08"]
[TimeControl "180+1"]
[Date "2021.07.20"]
[WhiteClock "0:00:40"]
[BlackClock "0:00:32"]

1. e4 e6 2. d4 d5 3. Nc3 Bb4 4. e5 b6 5. Qg4 Bf8 6. h4 h5 7. Qd1 Ba6 8. Nce2 Ne7 9. Nh3 Nf5 10. Bg5 Be7 11. g3 c5 12. c3 Nc6 13. Qa4 Bb7 14. Bxe7 Qxe7 15. Nhf4 cxd4 16. Nxd4 Nxd4 17. cxd4 Qb4+ 18. Qxb4 Nxb4 19. Kd2 Rc8 20. Bb5+ Ke7 21. Rhc1 g6 22. a3 Nc6 23. Bxc6 Bxc6 24. Rc3 Rc7 25. Rac1 Rhc8 26. Nh3 a5 27. Ng5 a4 28. Ke3 Kf8 29. Kf4 Ke7 30. Nh7 Kd8 31. Kg5 Ke7 32. Nf6 Kf8 33. Kh6 Ke7 34. Kg7 Kd8 35. Kf8 b5 36. Rc5 1-0


[Site "https://www.chess.com"]

[Event "Titled Tuesday Blitz July 20 2021"]
[White "Komiagina, Maria"]
[Black "Gavilan Diaz, Mario"]
[WhiteFideId "4153987"]
[BlackFideId "2260905"]
[WhiteElo "2016"]
[BlackElo "2262"]
[Result "0-1"]
[Round "08"]
[TimeControl "180+1"]
[Date "2021.07.21"]
[WhiteClock "0:01:13"]
[BlackClock "0:01:37"]

1. e4 c5 2. Nf3 Nf6 3. e5 Nd5 4. Nc3 e6 5. Nxd5 exd5 6. d4 Nc6 7. Bb5 Qa5+ 8. c3 Qxb5 9. dxc5 Bxc5 10. a4 Qc4 11. Nd2 Qd3 12. Qh5 O-O 13. Nb3 d6 14. Nxc5 dxc5 15. Be3 d4 16. Bd2 Qe4+ 17. Kf1 Qd3+ 18. Ke1 Be6 19. Rd1 Bb3 20. Rc1 Rfe8 21. f4 Rad8 22. Rf1 dxc3 23. Bxc3 Qe3+ 0-1


[Site "https://www.chess.com"]

[Event "Titled Tuesday Blitz July 20 2021"]
[White "Krivonosov, Oleg"]
[Black "Preotu, Razvan"]
[WhiteFideId "11600349"]
[BlackFideId "2613280"]
[WhiteElo "2469"]
[BlackElo "2407"]
[Result "1/2-1/2"]
[Round "08"]
[TimeControl "180+1"]
[Date "2021.07.20"]
[WhiteClock "0:00:59"]
[BlackClock "0:00:17"]

1. Nf3 c5 2. c4 Nc6 3. d4 cxd4 4. Nxd4 Nf6 5. Nc3 e6 6. Bf4 d5 7. cxd5 Nxd5 8. Nxc6 bxc6 9. Bd2 Bb4 10. Nxd5 Bxd2+ 11. Qxd2 cxd5 12. e3 O-O 13. Be2 Qb6 14. O-O Bb7 15. Rac1 e5 16. Rfd1 Rfd8 17. Bf1 d4 18. exd4 exd4 19. Bd3 a5 20. b3 Rd6 21. Re1 Rad8 22. Qf4 g6 23. h3 Rc6 24. Re7 Rxc1+ 25. Qxc1 Bd5 26. Qc7 Qxc7 27. Rxc7 Be6 28. Kf1 Rc8 29. Rxc8+ Bxc8 30. Ke2 Kf8 31. Bc4 Bf5 32. a3 Ke7 33. b4 axb4 34. axb4 f6 35. h4 g5 36. g3 Kd6 37. f4 gxh4 38. gxh4 h6 39. Kd2 Be4 40. Ke2 Kc6 41. Kd2 Kb6 42. Ke2 Bf5 43. Kd2 Be4 44. Ke2 Bf5 45. Kd2 Be4 1/2-1/2


[Site "https://www.chess.com"]

[Event "Titled Tuesday Blitz July 20 2021"]
[White "Lazavik, Denis"]
[Black "Grabinsky, Aaron"]
[WhiteFideId "13515110"]
[BlackFideId "2087090"]
[WhiteElo "2436"]
[BlackElo "2353"]
[Result "1-0"]
[Round "08"]
[TimeControl "180+1"]
[Date "2021.07.20"]
[WhiteClock "0:01:12"]
[BlackClock "0:01:04"]

1. d4 e6 2. c4 Nf6 3. Nf3 Bb4+ 4. Bd2 Qe7 5. g3 Nc6 6. Nc3 Bxc3 7. Bxc3 Ne4 8. Qc2 Nxc3 9. Qxc3 Qb4 10. Kd2 Qxc3+ 11. Kxc3 b6 12. Bg2 Bb7 13. Rhd1 a5 14. b3 d6 15. Ne1 O-O-O 16. Nd3 Rhe8 17. f4 Ne7 18. Bxb7+ Kxb7 19. e4 f6 20. a3 d5 21. e5 Nf5 22. c5 h5 23. Re1 Re7 24. b4 axb4+ 25. axb4 Ree8 26. b5 Ra8 27. c6+ Kb8 28. Rxa8+ Kxa8 29. Nb4 Re7 30. Ra1+ Kb8 31. Na6+ Kc8 32. Nc5 bxc5 33. Ra8# 1-0


[Site "https://www.chess.com"]

[Event "Titled Tuesday Blitz July 20 2021"]
[White "Leitao, Rafael"]
[Black "Obolentseva, Alexandra"]
[WhiteFideId "2101246"]
[BlackFideId "24153648"]
[WhiteElo "2609"]
[BlackElo "2113"]
[Result "1-0"]
[Round "08"]
[TimeControl "180+1"]
[Date "2021.07.21"]
[WhiteClock "0:01:47"]
[BlackClock "0:01:06"]

1. c4 Nf6 2. g3 g6 3. Bg2 Bg7 4. Nc3 O-O 5. d4 d6 6. Nf3 c5 7. O-O cxd4 8. Nxd4 Nc6 9. Nc2 e6 10. e4 a6 11. Bf4 Ne5 12. c5 Nh5 13. cxd6 Nxf4 14. gxf4 Nc4 15. e5 Qh4 16. Qd4 Nxd6 17. Qxd6 Qxf4 18. Rfe1 Re8 19. Rad1 Bf8 20. Qd4 Qh6 21. Ne4 Be7 22. Ne3 Rb8 23. Ng4 1-0


[Site "https://www.chess.com"]